SNL (28 & UNDER)
GAINESVILLE GUIDOS @ MEMPHIS BLUES
05/12/2023
 
TOP OF THE 1ST
Gainesville Guidos batting - Pitching for Memphis Blues : RHP Paul Lewis
Pitching: RHP Paul Lewis
Batting: SHB Reynaldo Gallegos 0-0: Ball
1-0: Fly out, F8 (Line Drive, 8RM)
Batting: RHB Victor Andrews 0-0: Ball
1-0: Called Strike
1-1: Ball
2-1: SINGLE (Groundball, 56)
Batting: LHB Sergio Barrón Pickoff Throw to First - Out!
0-0: Ball
1-0: Ball
2-0: Foul Ball, location: 2F
2-1: Foul Ball, location: 2F
2-2: Ground out 6-3 (Groundball, 6MS)
Top of the 1st over - 0 run(s), 1 hit(s), 0 error(s), 0 left on base; Gainesville 0 - Memphis 0
BOTTOM OF THE 1ST
Memphis Blues batting - Pitching for Gainesville Guidos : RHP Dave Riley
Pitching: RHP Dave Riley
Batting: RHB Sadao Kato 0-0: Ball
1-0: Swinging Strike
1-1: Ball
2-1: Swinging Strike
2-2: Ball
3-2: Foul Ball, location: 2F
3-2: Foul Ball, location: 2F
3-2: Base on Balls
Batting: RHB Dave Wookey 0-0: DOUBLE (Line Drive, 7LS)
Sadao Kato to third
Batting: RHB Raúl Perales 0-0: Ball
1-0: Ball
2-0: SINGLE (Flyball, 89S)
Sadao Kato scores
Dave Wookey to third
Batting: RHB Bob Orr 0-0: Ball
1-0: Foul Ball, location: 2F
1-1: Ball
2-1: Ball
3-1: Fielders Choice at 2nd, 5-4 (Groundball, 56)
Dave Wookey scores
Batting: RHB Dave O'Neill 0-0: Ball
1-0: Ball
2-0: Ball
3-0: Called Strike
3-1: Foul Ball, location: 2F
3-2: Foul Ball, location: 2F
3-2: Foul Ball, location: 2F
3-2: Foul Ball, location: 2F
3-2: Foul Ball, location: 2F
3-2: Grounds into double play, 1-4-3 (Groundball, 15S)
Bottom of the 1st over - 2 run(s), 2 hit(s), 0 error(s), 0 left on base; Gainesville 0 - Memphis 2
TOP OF THE 2ND
Gainesville Guidos batting - Pitching for Memphis Blues : RHP Paul Lewis
Batting: RHB José Fernández 0-0: DOUBLE (Line Drive, 7LS)
Batting: LHB Ed Hart 0-0: Swinging Strike
0-1: Called Strike
0-2: Strikes out looking
Batting: RHB Jason Saunders 0-0: Ball
1-0: Ball
2-0: Called Strike
2-1: Fly out, F8 (Flyball, 8RXD)
Runner from 2nd tags up, SAFE at 3rd, no throw
Batting: RHB Noriyori Ine 0-0: Ball
1-0: Fly out, F9 (Line Drive, 89M)
Top of the 2nd over - 0 run(s), 1 hit(s), 0 error(s), 1 left on base; Gainesville 0 - Memphis 2
BOTTOM OF THE 2ND
Memphis Blues batting - Pitching for Gainesville Guidos : RHP Dave Riley
Batting: RHB John Phillips 0-0: Called Strike
0-1: Fly out, F8 (Flyball, 8RM)
Batting: RHB Glenn Johnson 0-0: Ball
1-0: Swinging Strike
1-1: Ball
2-1: Called Strike
2-2: Ball
3-2: Strikes out swinging
Batting: RHB Pedro Martínez 0-0: Ball
1-0: Foul Ball, location: 2F
1-1: Fly out, F7 (Flyball, 78M)
Bottom of the 2nd over - 0 run(s), 0 hit(s), 0 error(s), 0 left on base; Gainesville 0 - Memphis 2
TOP OF THE 3RD
Gainesville Guidos batting - Pitching for Memphis Blues : RHP Paul Lewis
Batting: LHB Mark Owens 0-0: Called Strike
0-1: Foul Ball, location: 2F
0-2: Strikes out looking
Batting: RHB Pedro Mata 0-0: Ball
1-0: Called Strike
1-1: Foul Ball, location: 2F
1-2: Ball
2-2: Foul Ball, location: 2F
2-2: Foul Ball, location: 2F
2-2: Ground out 3-1 (Groundball, 3)
Batting: SHB Reynaldo Gallegos 0-0: Swinging Strike
0-1: SINGLE (Groundball, 34D)
Batting: RHB Victor Andrews 0-0: Called Strike
Reynaldo Gallegos steals 2nd base
0-1: Fly out, F7 (Flyball, 78S)
Top of the 3rd over - 0 run(s), 1 hit(s), 0 error(s), 1 left on base; Gainesville 0 - Memphis 2
BOTTOM OF THE 3RD
Memphis Blues batting - Pitching for Gainesville Guidos : RHP Dave Riley
Batting: RHB Dale O'Feennaghty 0-0: Called Strike
0-1: Ball
1-1: Ball
2-1: Called Strike
2-2: Ball
3-2: Strikes out swinging
Batting: RHB Sadao Kato 0-0: Ball
1-0: Ground out 6-3 (Groundball, 6S)
Batting: RHB Dave Wookey 0-0: Called Strike
0-1: Fly out, F3 (Popup, 3F)
Bottom of the 3rd over - 0 run(s), 0 hit(s), 0 error(s), 0 left on base; Gainesville 0 - Memphis 2
TOP OF THE 4TH
Gainesville Guidos batting - Pitching for Memphis Blues : RHP Paul Lewis
Batting: LHB Sergio Barrón 0-0: Ball
1-0: Ball
2-0: Foul Ball, location: 2F
2-1: Foul Ball, location: 2F
2-2: Fly out, F7 (Flyball, 7S)
Batting: RHB José Fernández 0-0: Called Strike
0-1: Ball
1-1: Foul Ball, location: 2F
1-2: Fly out, F7 (Flyball, 78D)
Batting: LHB Ed Hart 0-0: Ball
1-0: Foul Ball, location: 2F
1-1: Ball
2-1: Ball
3-1: Fly out, F4 (Popup, 3DF)
Top of the 4th over - 0 run(s), 0 hit(s), 0 error(s), 0 left on base; Gainesville 0 - Memphis 2
BOTTOM OF THE 4TH
Memphis Blues batting - Pitching for Gainesville Guidos : RHP Dave Riley
Batting: RHB Raúl Perales 0-0: Ball
1-0: Ball
2-0: Called Strike
2-1: Ground out 1-3 (Groundball, 13S)
Batting: RHB Bob Orr 0-0: Ball
1-0: SINGLE (Groundball, 34D)
Batting: RHB Dave O'Neill 0-0: Grounds into double play, 5-4-3 (Groundball, 5)
Bottom of the 4th over - 0 run(s), 1 hit(s), 0 error(s), 0 left on base; Gainesville 0 - Memphis 2
TOP OF THE 5TH
Gainesville Guidos batting - Pitching for Memphis Blues : RHP Paul Lewis
Batting: RHB Jason Saunders 0-0: Ball
1-0: Ball
2-0: Foul Ball, location: 2F
2-1: Called Strike
2-2: Foul Ball, location: 2F
2-2: Fly out, F7 (Flyball, 7LD)
Batting: RHB Noriyori Ine 0-0: Foul Ball, location: 2F
0-1: Ball
1-1: Ball
2-1: Fly out, F8 (Flyball, 8LD)
Batting: LHB Mark Owens 0-0: Ball
1-0: Ball
2-0: DOUBLE (Line Drive, 3D)
Batting: RHB Pedro Mata 0-0: Called Strike
0-1: Ball
1-1: Called Strike
1-2: Strikes out looking
Top of the 5th over - 0 run(s), 1 hit(s), 0 error(s), 1 left on base; Gainesville 0 - Memphis 2
BOTTOM OF THE 5TH
Memphis Blues batting - Pitching for Gainesville Guidos : RHP Dave Riley
Batting: RHB John Phillips 0-0: Ball
1-0: Called Strike
1-1: Ball
2-1: Ground out 4-3 (Groundball, 4)
Batting: RHB Glenn Johnson 0-0: Foul Ball, location: 2F
0-1: Ball
1-1: Foul Ball, location: 2F
1-2: SINGLE (Groundball, 4M)
Batting: RHB Pedro Martínez 0-0: Ball
1-0: Foul Ball, location: 2F
1-1: Swinging Strike
1-2: Ball
2-2: Fly out, F6 (Popup, 7LS)
Batting: RHB Dale O'Feennaghty 0-0: Ball
1-0: Ball
2-0: Foul Ball, location: 2F
2-1: Ball
3-1: Ground out 5-3 (Groundball, 5S)
Bottom of the 5th over - 0 run(s), 1 hit(s), 0 error(s), 1 left on base; Gainesville 0 - Memphis 2
TOP OF THE 6TH
Gainesville Guidos batting - Pitching for Memphis Blues : RHP Paul Lewis
Batting: SHB Reynaldo Gallegos 0-0: Swinging Strike
0-1: Fly out, F8 (Line Drive, 8RM)
Batting: RHB Victor Andrews 0-0: Fly out, F5 (Line Drive, 56)
Batting: LHB Sergio Barrón 0-0: Ball
1-0: Ball
2-0: Called Strike
2-1: Fly out, F5 (Popup, 5DF)
Top of the 6th over - 0 run(s), 0 hit(s), 0 error(s), 0 left on base; Gainesville 0 - Memphis 2
BOTTOM OF THE 6TH
Memphis Blues batting - Pitching for Gainesville Guidos : RHP Dave Riley
Batting: RHB Sadao Kato 0-0: SINGLE (Line Drive, 9LS)
Batting: RHB Dave Wookey 0-0: Foul Ball, location: 2F
0-1: Ball
1-1: Ball
2-1: Ball
3-1: Ground out 3-1 (Groundball, 34)
Sadao Kato to second
Batting: RHB Raúl Perales 0-0: Ground out 6-3 (Groundball, 6)
Batting: RHB Bob Orr 0-0: DOUBLE (Flyball, 89D)
Sadao Kato scores
Batting: RHB Dave O'Neill 0-0: Foul Ball, location: 2F
0-1: Swinging Strike
0-2: SINGLE (Groundball, 5L)
Bob Orr to third
Runner from 3rd tries for Home, SAFE, no throw or cutoff
Batting: RHB John Phillips 0-0: Called Strike
0-1: Ball
1-1: Swinging Strike
1-2: Ball
2-2: Strikes out swinging
Bottom of the 6th over - 2 run(s), 3 hit(s), 0 error(s), 1 left on base; Gainesville 0 - Memphis 4
TOP OF THE 7TH
Gainesville Guidos batting - Pitching for Memphis Blues : RHP Paul Lewis
Batting: RHB José Fernández 0-0: Swinging Strike
0-1: Swinging Strike
0-2: Strikes out looking
Batting: LHB Ed Hart 0-0: Called Strike
0-1: Ball
1-1: Ball
2-1: Foul Ball, location: 2F
2-2: Ground out 6-3 (Groundball, 6M)
Batting: RHB Jason Saunders 0-0: Swinging Strike
0-1: Foul Ball, location: 2F
0-2: Ball
1-2: Ball
2-2: Strikes out looking
Top of the 7th over - 0 run(s), 0 hit(s), 0 error(s), 0 left on base; Gainesville 0 - Memphis 4
BOTTOM OF THE 7TH
Memphis Blues batting - Pitching for Gainesville Guidos : RHP Dave Riley
Pitching: LHP Pedro Flores
Batting: RHB Glenn Johnson 0-0: Ball
1-0: Ball
2-0: Called Strike
2-1: Ball
3-1: Foul Ball, location: 2F
3-2: Base on Balls
Batting: RHB Pedro Martínez 0-0: Sac Bunt - play at second, runner OUT! 1-6
Batting: RHB Dale O'Feennaghty 0-0: Called Strike
0-1: Called Strike
0-2: Foul Ball, location: 2F
0-2: Strikes out swinging
Batting: RHB Sadao Kato 0-0: Called Strike
0-1: Ball
1-1: Ball
2-1: Foul Ball, location: 2F
2-2: Foul Ball, location: 2F
2-2: Foul Ball, location: 2F
2-2: SINGLE (Groundball, 56)
Pedro Martínez to second
Batting: RHB Dave Wookey 0-0: Called Strike
0-1: Ball
1-1: Ball
2-1: Foul Ball, location: 2F
2-2: DOUBLE (Flyball, 9LS)
Pedro Martínez scores
Sadao Kato to third
Runner from 3rd tries for Home, SAFE, no throw or cutoff
Batting: RHB Raúl Perales 0-0: Foul Ball, location: 2F
0-1: Ball
1-1: Foul Ball, location: 2F
1-2: Foul Ball, location: 2F
1-2: Foul Ball, location: 2F
1-2: Strikes out swinging
Bottom of the 7th over - 2 run(s), 2 hit(s), 0 error(s), 1 left on base; Gainesville 0 - Memphis 6
TOP OF THE 8TH
Gainesville Guidos batting - Pitching for Memphis Blues : RHP Paul Lewis
Now at C: Elliott Rucker
Batting: RHB Noriyori Ine 0-0: Foul Ball, location: 2F
0-1: Foul Ball, location: 2F
0-2: Ball
1-2: Ball
2-2: Foul Ball, location: 2F
2-2: Foul Ball, location: 2F
2-2: SINGLE (Line Drive, 8RS)
Batting: LHB Mark Owens 0-0: Grounds into double play, U4-3 (Groundball, 4)
Batting: RHB Pedro Mata 0-0: Called Strike
0-1: Foul Ball, location: 2F
0-2: SINGLE (Groundball, 6MD)
Pitching: RHP Randolph Weathersby
Batting: SHB Reynaldo Gallegos 0-0: Ball
1-0: Ground out 4-3 (Groundball, 34)
Top of the 8th over - 0 run(s), 2 hit(s), 0 error(s), 1 left on base; Gainesville 0 - Memphis 6
BOTTOM OF THE 8TH
Memphis Blues batting - Pitching for Gainesville Guidos : LHP Pedro Flores
Batting: RHB Bob Orr 0-0: Ball
1-0: Called Strike
1-1: Ball
2-1: Ball
3-1: Called Strike
3-2: Base on Balls
Pitching: LHP Mike Scott
Batting: RHB Dave O'Neill 0-0: Ball
1-0: Called Strike
1-1: Ball
Wild Pitch!
Bob Orr to second
2-1: Called Strike
2-2: Strikes out swinging
Batting: RHB John Phillips 0-0: Called Strike
0-1: Ball
1-1: Swinging Strike
1-2: Strikes out swinging
Batting: RHB Glenn Johnson 0-0: Ball
1-0: Swinging Strike
1-1: Swinging Strike
1-2: Ground out 5-3 (Groundball, 5S)
Bottom of the 8th over - 0 run(s), 0 hit(s), 0 error(s), 1 left on base; Gainesville 0 - Memphis 6
TOP OF THE 9TH
Gainesville Guidos batting - Pitching for Memphis Blues : RHP Randolph Weathersby
Now at 3B: Iván García
Now at SS: Brent Crawford
Batting: RHB Victor Andrews 0-0: Called Strike
0-1: Ball
1-1: Ball
2-1: Called Strike
2-2: Ball
3-2: Base on Balls
Batting: LHB Sergio Barrón 0-0: Called Strike
0-1: Ball
1-1: Swinging Strike
1-2: Reached on error, E6 (Groundball, 6)
Victor Andrews to second
Batting: RHB José Fernández 0-0: Called Strike
0-1: Ball
1-1: Called Strike
1-2: Ball
2-2: Ball
3-2: Foul Ball, location: 2F
3-2: Strikes out swinging
Batting: LHB Ed Hart 0-0: Fly out, F8 (Line Drive, 8LD)
Batting: RHB Jason Saunders 0-0: Called Strike
0-1: Ball
1-1: Swinging Strike
1-2: Foul Ball, location: 2F
1-2: Ball
2-2: Foul Ball, location: 2F
2-2: Ball
3-2: Base on Balls
Victor Andrews to third
Sergio Barrón to second
Batting: RHB Noriyori Ine 0-0: Swinging Strike
0-1: SINGLE (Line Drive, 4M)
Victor Andrews scores
Sergio Barrón to third
Jason Saunders to second
Pitching: RHP Lorenzo Diéguez
Batting: LHB Mark Owens 0-0: Foul Ball, location: 2F
0-1: Swinging Strike
0-2: Foul Ball, location: 2F
0-2: Foul Ball, location: 2F
0-2: Strikes out swinging
Top of the 9th over - 1 run(s), 1 hit(s), 1 error(s), 3 left on base; Gainesville 1 - Memphis 6
This league is powered by Out of the Park Baseball, the baseball management simulation game for PC, Mac and Linux
Wednesday, December 2nd, 2015 - OOTP Baseball 16.8 Build 38